 Dungeon Crawl Stone Soup version 0.23.2-33-g5129a83184 (webtiles) character file.

Game seed: 6225015307364073797

1268 t4s4d4r the Martial Artist (level 8, -1/44 HPs)
             Began as a Vine Stalker Transmuter on July 21, 2019.
             Was an Initiate of Wu Jian.
             Slain by a centaur (7 damage)
             ... on level 5 of the Dungeon.
             The game lasted 00:10:49 (5053 turns).

t4s4d4r the Martial Artist (VSTm)                   Turns: 5053, Time: 00:10:49

Health: -1/44      AC:  5    Str: 13    XL:     8   Next: 53%
Magic:  0/12       EV: 12    Int: 15    God:    Wu Jian [......]
Gold:   8          SH:  0    Dex: 15    Spells: 8/11 levels left

rFire    . . .     SeeInvis .     - Unarmed
rCold    . . .     Gourm    .   (no shield)
rNeg     . . .     Faith    +   n - +0 leather armour
rPois    +         Spirit   +   p - +0 helmet
rElec    .         Reflect  .   A - +0 cloak
rCorr    .         Harm     .   (no gloves)
MR       +....                  (no boots)
Stlth    +.........             x - amulet of faith
HPRegen  0.54/turn              u - ring of poison resistance
MPRegen  0.13/turn              (no ring)

@: no status effects
A: fangs 3, regeneration 1, magic shield, antimagic bite, no potion heal 3, rot
immunity
a: Renounce Religion


You were on level 5 of the Dungeon.
You worshipped Wu Jian.
Wu Jian was noncommittal.
You were not hungry.

You visited 2 branches of the dungeon, and saw 6 of its levels.

You collected 197 gold pieces.
You spent 189 gold pieces at shops.

Inventory:

Missiles
 a - 74 arrows
 e - 195 stones (quivered)
Armour
 n - a +0 leather armour (worn)
 p - a +0 helmet (worn)
 A - a +0 cloak (worn)
Jewellery
 u - a ring of poison resistance (left hand)
 x - an amulet of faith (around neck)
 C - an uncursed ring of fire
Wands
 s - a wand of disintegration (9)
Scrolls
 b - a scroll of remove curse
 g - a scroll of immolation
 h - a scroll of fear {unknown}
 k - a scroll of enchant weapon {unknown}
 o - a scroll of enchant armour {unknown}
 v - a scroll of amnesia {unknown}
 y - a scroll of blinking {unknown}
 B - a scroll of noise {unknown}
Potions
 c - 2 potions of mutation
 f - a potion of heal wounds {unknown}
 i - 2 potions of flight
 j - a potion of degeneration {unknown}
 l - 3 potions of might
 m - 2 potions of invisibility
 q - 2 potions of curing
 r - 2 potions of agility
 w - 2 potions of resistance {unknown}
Comestibles
 d - 13 rations
 z - 6 chunks of flesh


   Skills:
 - Level 5.6 Fighting
 - Level 1.5 Dodging
 + Level 8.5 Unarmed Combat
 - Level 2.1 Spellcasting
 - Level 2.0 Transmutations


You had 8 spell levels left.
You knew the following spells:

 Your Spells              Type           Power        Failure   Level  Hunger
a - Beastly Appendage     Tmut           #.....       12%         1    #......
b - Sticks to Snakes      Tmut           #.......     19%         2    ###....

Your spell library contained the following spells:

 Spells                   Type           Power        Failure   Level  Hunger
 Spider Form              Tmut/Pois      #.........   50%         3    ###....
 Ice Form                 Ice/Tmut       #.......     88%         4    #####..
 Blade Hands              Tmut           #.........   98%         5    ######.


Dungeon Overview and Level Annotations

Branches:
Dungeon (5/15)             Temple (1/1) D:4

Altars:
Ashenzari
Cheibriados
Dithmenos
Elyvilon
Fedhas
Gozag
Hepliaklqana
Kikubaaqudgha
Makhleb
Nemelex Xobeh
Okawaru
Qazlal
Sif Muna
Trog
Uskayaw
Vehumet
Wu Jian
Xom
Yredelemnul
Zin
The Shining One

Shops:
D:4 (   D:5 *[%

Annotations:
D:1 Natasha


Innate Abilities, Weirdness & Mutations

You have razor-sharp teeth.
Your natural rate of healing is unusually fast.
When hurt, damage is shared between your health and your magic reserves.
Your bite disrupts and absorbs the magic of your enemies.
Potions cannot restore your health.
You are immune to rotting.


Message History

The centaur shoots an arrow.
The arrow barely misses you.
You see here an arrow.
You are too injured to fight recklessly!
You are too injured to fight recklessly!
The centaur shoots an arrow.
The arrow hits you! The arrow freezes you.
You see here an arrow.
The centaur shoots an arrow.
The arrow barely misses you.
Some of the chunks of flesh in your inventory have rotted away.
Your talons disappear.
The centaur shoots an arrow.
The arrow hits you. The arrow freezes you.
The centaur shoots an arrow.
The arrow hits you!
* * * LOW HITPOINT WARNING * * *
The arrow freezes you.
* * * LOW HITPOINT WARNING * * *
You see here 2 arrows.
You punch the centaur! You bite the centaur, but do no damage.
The centaur is moderately wounded.
The centaur unwields a +0 shortbow of freezing.
The centaur hits you!
You die...

............
....................
....................
...........#.......
...........#.......###
.....................
.................#.#
..####..........c..#
P.###...........@..##
...............(....#
..###...............#
.## #..........(....##
.# #..........(.....##
## ##........((.......
##....†......♣..P..
######..≈≈.≈≈.≈≈P.
#.♣≈≈≈≈≈≈.≈≈


You could see a centaur.

Vanquished Creatures
  Grinder (D:5)
  An ogre (D:4)
  A sky beast (D:5)
  A centaur (D:5)
  A crimson imp (D:2)
  A gnoll shaman (D:4)
  A centaur skeleton (D:4)
  2 orc priests (D:4)
  Crazy Yiuf (D:4)
  Ijyb (D:4)
  Natasha (twice) (D:2 D:1)
  5 orc wizards
  2 worker ants (D:4)
  Robin (D:1)
  11 gnolls
  A howler monkey skeleton (D:4)
  4 adders
  2 shadow imps (D:5)
  An ooze (D:3)
  An adder skeleton (D:5)
  A worm (D:3)
  2 dart slugs
  2 leopard geckos
  13 orcs
  6 giant cockroaches
  13 goblins
  10 hobgoblins
  A quokka (D:4)
  6 bats
  5 frilled lizards
  13 kobolds
  A leopard gecko skeleton (D:5)
  5 rats
119 creatures vanquished.

Vanquished Creatures (collateral kills)
  Menkaure (D:4)
1 creature vanquished.

Vanquished Creatures (others)
  An orc wizard (D:3)
1 creature vanquished.

Grand Total: 121 creatures vanquished

Notes
Turn   | Place    | Note
-------+----------+-------------------------------------------
     0 | D:1      | t4s4d4r the Vine Stalker Transmuter began the quest for the
                  | Orb.
     0 | D:1      | Reached XP level 1. HP: 9/9 MP: 4/4
     3 | D:1      | Noticed an electric eel
     3 | D:1      | Noticed an electric eel
   321 | D:1      | Reached XP level 2. HP: 14/14 MP: 6/6
  1594 | D:1      | Reached skill level 4 in Unarmed Combat
  1769 | D:2      | Reached XP level 3. HP: 15/17 MP: 4/7
  1789 | D:2      | Noticed Natasha
  1802 | D:2      | Killed Natasha
  1990 | D:2      | Gained mutation: Your natural rate of healing is unusually
                  | fast. [Vine Stalker growth]
  1990 | D:2      | Reached XP level 4. HP: 11/21 MP: 3/8
  1996 | D:2      | Reached skill level 5 in Unarmed Combat
  2091 | D:2      | Noticed Robin
  2091 | D:2      | Noticed Natasha
  2097 | D:1      | Killed Natasha
  2139 | D:1      | Reached XP level 5. HP: 25/25 MP: 9/9
  2199 | D:1      | Killed Robin
  2200 | D:1      | Noticed Natasha
  2497 | D:2      | Reached skill level 6 in Unarmed Combat
  2696 | D:2      | Learned a level 2 spell: Sticks to Snakes
  2802 | D:3      | Found a blossoming altar of Fedhas.
  2997 | D:3      | Reached XP level 6. HP: 26/29 MP: 6/10
  3142 | D:3      | Reached skill level 7 in Unarmed Combat
  3819 | D:4      | Found a faded altar of an unknown god.
  3819 | D:4      | Found a glowing silver altar of Zin.
  3824 | D:4      | Found a snail-covered altar of Cheibriados.
  3826 | D:4      | Found an iron altar of Okawaru.
  3828 | D:4      | Found a faded altar of an unknown god.
  3883 | D:4      | Noticed Ijyb
  3898 | D:4      | Killed Ijyb
  3898 | D:4      | Reached XP level 7. HP: 5/32 MP: 1/11
  3942 | D:4      | Found a hazy altar of Hepliaklqana.
  4041 | D:4      | Noticed Menkaure
  4047 | D:4      | Killed Menkaure
  4047 | D:4      | Reached skill level 8 in Unarmed Combat
  4088 | D:4      | Found a sparkling altar of Nemelex Xobeh.
  4106 | D:4      | Reached skill level 1 in Fighting
  4336 | D:4      | Found Xusapeqi's Weapon Emporium.
  4521 | D:4      | Found a staircase to the Ecumenical Temple.
  4530 | Temple   | Entered the Ecumenical Temple
  4614 | Temple   | Became a worshipper of the Wu Jian Council
  4736 | D:4      | Gained mutation: You have razor-sharp teeth. [Vine Stalker
                  | growth]
  4736 | D:4      | Reached XP level 8. HP: 35/42 MP: 12/12
  4805 | D:4      | Found a runed translucent door.
  4806 | D:4      | Noticed Crazy Yiuf
  4818 | D:4      | Killed Crazy Yiuf
  4881 | D:5      | Entered Level 5 of the Dungeon
  4896 | D:5      | Found Jupepli's Food Boutique.
  4898 | D:5      | Found Cioregg's Antique Armour Shoppe.
  4994 | D:5      | Noticed Grinder
  4995 | D:5      | Found Mame Wea's Assorted Antiques.
  5008 | D:5      | Killed Grinder
  5008 | D:5      | Reached skill level 5 in Fighting
  5022 | D:5      | Bought a scroll of identify for 54 gold pieces
  5022 | D:5      | Bought a small emerald ring for 135 gold pieces
  5053 | D:5      | Slain by a centaur

Skill      XL: |  1  2  3  4  5  6  7  8 |
---------------+-------------------------+-----
Unarmed Combat | 4 5 6 7 8 |  8.5
Fighting       | 4 5 |  5.6
Dodging        | |  1.5
Spellcasting   | |  2.1
Transmutations | |  2.0

Action                   |  1- 3 |  4- 6 |  7- 9 || total
-------------------------+-------+-------+-------++-------
Melee: Unarmed           |    68 |   204 |   108 ||   380
       Bite              |    16 |    46 |    37 ||    99
       Kick              |     1 |    20 |    16 ||    37
       Punch             |     1 |     7 |     5 ||    13
       Headbutt          |     1 |     1 |       ||     2
 Cast: Beastly Appendage |     3 |    15 |    10 ||    28
       Sticks to Snakes  |       |       |     5 ||     5
Invok: Lunge             |       |       |     3 ||     3
  Use: Scroll            |       |     2 |     3 ||     5
       Potion            |       |     3 |       ||     3
 Stab: Sleeping          |       |     1 |       ||     1
       Invisible         |       |       |     2 ||     2
  Eat: Chunk             |     3 |     7 |     4 ||    14
Armor: Robe              |     8 |       |       ||     8
       Leather armour    |     1 |    57 |    17 ||    75
       Skin              |       |     1 |       ||     1
Dodge: Dodged            |    47 |   124 |    45 ||   216
